 Dungeon Crawl Stone Soup version 0.22.0-38-g04b72b8c25 (webtiles) character file.

463 Esekla the Conjurer (level 7, 0/37 HPs)
             Began as a Vine Stalker Conjurer on Aug 26, 2018.
             Slain by a sky beast (5 damage)
             ... on level 6 of the Dungeon.
             The game lasted 00:40:05 (3079 turns).

Esekla the Conjurer (Vine Stalker Conjurer)         Turns: 3079, Time: 00:40:06

Health: 0/37       AC:  3    Str: 15    XL:     7   Next: 7%
Magic:  0/13       EV: 12    Int: 16    God:
Gold:   124        SH:  0    Dex: 16    Spells: 6/13 levels left

rFire    . . .     SeeInvis .   c - +1 dagger (holy)
rCold    . . .     Gourm    .   (no shield)
rNeg     . . .     Faith    .   a - +0 robe
rPois    .         Spirit   +   (no helmet)
rElec    .         Reflect  .   u - +0 cloak
rCorr    .         Harm     .   (no gloves)
MR       .....                  (no boots)
Stlth    ++........             (no amulet)
HPRegen  0.52/turn              r - +5 ring of strength
MPRegen  0.13/turn              (no ring)

@: no status effects
A: fangs 2, regeneration 1, magic shield, antimagic bite, no potion heal 3, rot
immunity
a: no special abilities


You were on level 6 of the Dungeon.
You were not hungry.

You visited 1 branch of the dungeon, and saw 6 of its levels.

You collected 163 gold pieces.
You spent 39 gold pieces at shops.

Inventory:

Hand Weapons
 c - a +1 dagger of holy wrath (weapon)
 m - a +0 long sword
 t - a +1 short sword of draining
Armour
 a - a +0 robe (worn)
 o - a scarf of cloud immunity
 u - a +0 cloak (worn)
Jewellery
 r - a +5 ring of strength (left hand)
Scrolls
 e - 3 scrolls of teleportation
 f - 2 scrolls of fog {unknown}
 g - a scroll of magic mapping {unknown}
 h - 3 scrolls of remove curse
 i - a scroll of random uselessness {unknown}
 k - a scroll of identify
 n - a scroll of amnesia {unknown}
 s - a scroll of blinking {unknown}
Potions
 b - a potion of cancellation
 d - 2 potions of agility
 j - 3 potions of flight
 p - 3 potions of curing
 q - a potion of ambrosia
Comestibles
 l - 3 rations


   Skills:
 * Level 3.6 Fighting
 * Level 2.6 Short Blades
 - Level 1.5 Dodging
 + Level 3.0 Stealth
 + Level 3.8 Spellcasting
 + Level 4.4 Conjurations
 + Level 2.1 Hexes


You had 6 spell levels left.
You knew the following spells:

 Your Spells              Type           Power        Failure   Level  Hunger
a - Magic Dart            Conj           ###.         2%          1    None
b - Searing Ray           Conj           ###...       4%          2    ##.....
c - Apportation           Tloc           #.....       17%         1    None
d - Dazzling Spray        Conj/Hex       ##....       14%         3    ###....

Your spell library contained the following spells:

 Spells                   Type           Power        Failure   Level  Hunger
 Confusing Touch          Hex            #.....       7%          1    None
 Animate Skeleton         Necr           N/A          17%         1    None
 Summon Small Mammal      Summ           #...         17%         1    None
 Iskenderun's Mystic Bla  Conj           ###.....     28%         4    ####...
 Fulminant Prism          Conj/Hex       ##........   41%         4    ####...
 Force Lance              Conj/Tloc      ##......     56%         4    ####...


Dungeon Overview and Level Annotations

Branches:
Dungeon (6/15)
 Temple: D:4-7

Altars:
Ashenzari
Makhleb
Uskayaw

Shops:
D:4 ?


Innate Abilities, Weirdness & Mutations

You have extremely sharp teeth.
Your natural rate of healing is unusually fast.
When hurt, damage is shared between your health and your magic reserves.
Your bite disrupts and absorbs the magic of your enemies.
Potions cannot restore your health.
You are immune to rotting.


Message History

You miss something. You bite something. You drain its power.
You feel invigorated. Something hits you but does no damage.
Casting: Searing Ray (safe; 4% risk of failure)
Confirm with . or Enter, or press ? or * to list all spells.
Okay, then.
Casting: Searing Ray (safe; 4% risk of failure)
Confirm with . or Enter, or press ? or * to list all spells.
Aiming: Searing Ray (safe; 4% risk of failure)
Press: ? - help, Shift-Dir - straight line (Press . to maintain the ray.)
Something hits you. Something shocks you. Something hits you.
* * * LOW HITPOINT WARNING * * *
Something shocks you.
* * * LOW HITPOINT WARNING * * *
Without enough magic to sustain it, your searing ray dissipates.
Something hits you.
* * * LOW HITPOINT WARNING * * *
Something shocks you.
You die...

..........##
##..#
...........# #..#
...........###..#
............#..#
...............#
#############..##
##..## ##..#
##@## ##{##
##.#### #%...#
#.......#
#{.....##
#......# #......#
##.....#


There were no monsters in sight!

Vanquished Creatures
  A scorpion (D:5)
  A howler monkey (D:5)
  3 orc wizards (D:5)
  An iguana (D:6)
  A worker ant (D:5)
  2 worker ant zombies (D:5)
  A howler monkey skeleton (D:4)
  11 adders
  An adder skeleton (D:6)
  3 worms
  5 dart slugs
  3 leopard geckos
  An orc (D:4)
  4 bats
  7 giant cockroaches
  6 goblins
  4 hobgoblins
  8 jackals
  10 kobolds
  3 quokkas
  3 ball pythons
  5 frilled lizards
  8 rats
92 creatures vanquished.

Notes
Turn   | Place    | Note
-------+----------+-------------------------------------------
     0 | D:1      | Esekla the Vine Stalker Conjurer began the quest for the Orb.
     0 | D:1      | Reached XP level 1. HP: 9/9 MP: 4/4
    47 | D:1      | Reached skill level 1 in Fighting
   296 | D:1      | Reached XP level 2. HP: 14/14 MP: 4/6
   589 | D:1      | Learned a level 2 spell: Searing Ray
   899 | D:2      | Reached XP level 3. HP: 18/18 MP: 7/7
   904 | D:2      | Learned a level 3 spell: Dazzling Spray
  1028 | D:2      | Reached skill level 1 in Hexes
  1060 | D:2      | Gained mutation: Your natural rate of healing is unusually fast. [Vine Stalker growth]
  1060 | D:2      | Reached XP level 4. HP: 21/23 MP: 3/8
  1168 | D:2      | Reached skill level 1 in Short Blades
  1416 | D:2      | Reached XP level 5. HP: 12/28 MP: 1/10
  1767 | D:3      | Found a hide-covered altar of Uskayaw.
  1874 | D:5      | Entered Level 5 of the Dungeon
  2039 | D:4      | Found Xuvvim's Magic Scroll Boutique.
  2056 | D:4      | Reached XP level 6. HP: 32/32 MP: 11/11
  2087 | D:4      | Learned a level 1 spell: Apportation
  2232 | D:4      | Bought a scroll of teleportation for 39 gold pieces
  2866 | D:5      | Found a burning altar of Makhleb.
  2866 | D:5      | Noticed a green death
  2873 | D:5      | Noticed a neqoxec
  2873 | D:5      | Noticed a ynoxinul
  2893 | D:5      | Found a shattered altar of Ashenzari.
  3002 | D:6      | Reached XP level 7. HP: 35/36 MP: 8/13
  3079 | D:6      | Slain by a sky beast

Skill      XL: |  1  2  3  4  5  6  7 |
---------------+----------------------+-----
Fighting       | 1 2 3 |  3.6
Hexes          | 1 2 |  2.1
Short Blades   | 1 2 |  2.6
Spellcasting   | 3 |  3.8
Stealth        | 3 |  3.0
Dodging        | |  1.5
Conjurations   | |  4.4

Action                   |  1- 3 |  4- 6 |  7- 9 || total
-------------------------+-------+-------+-------++-------
Melee: Unarmed           |    14 |       |       ||    14
       Bite              |    11 |    24 |     2 ||    37
       Dagger            |    32 |   100 |     5 ||   137
 Cast: Magic Dart        |    29 |    18 |     3 ||    50
       Searing Ray       |     2 |    14 |     2 ||    18
       Dazzling Spray    |       |     2 |       ||     2
  Use: Scroll            |       |     5 |       ||     5
 Stab: Sleeping          |     3 |    12 |       ||    15
  Eat: Ration            |     1 |     2 |       ||     3
Armor: Robe              |     9 |    22 |     2 ||    33
Dodge: Dodged            |    38 |    64 |     3 ||   105
